 Dungeon Crawl Stone Soup version 0.31.0-1-g2c135a008e (webtiles) character file.

Game seed: 3907025536705760106

172 qw the Shooter (level 5, -6/40 HPs)
             Began as a Djinni Hunter on Jan 23, 2024.
             Mangled by a black bear (8 damage)
             ... on level 4 of the Dungeon.
             The game lasted 00:00:10 (2007 turns).

qw the Shooter (Djinni Hunter)                      Turns: 2007, Time: 00:00:10

Health: -6/40      AC:  5    Str: 10    XL:     5   Next: 83%
Gold:   70         EV: 12    Int: 11    God:
                   SH:  0    Dex: 24

rFire   + + .        a - +0 shortbow
rCold   x . .        (shield currently unavailable)
rNeg    . . .        f - +0 ring mail
rPois   inf          (no helmet)
rElec   .            (no cloak)
rCorr   .            (no gloves)
SInv    .            (boots unavailable)
Will    .....        l - amulet of the acrobat
Stlth   +            i - +6 ring of dexterity
HPRegen 0.26/turn    (no ring)
MPRegen 0.00/turn

%: acrobat, infuse magic (-7 HP)
@: flying
A: sickness immunity, fire resistance 2, cold vulnerability 1, float, innate
caster, HP casting, extra vitality 1
a: no special abilities


You were on level 4 of the Dungeon.
You visited 1 branch of the dungeon, and saw 4 of its levels.

You collected 119 gold pieces.
You spent 49 gold pieces at shops.


Innate Abilities, Weirdness & Mutations

You are immune to sickness and miasma.
You are immune to poison.
Your flesh is very heat resistant. (rF++)
You are vulnerable to cold. (rC-)
You float through the air rather than walking.
You learn spells naturally, not from books.
Your magical power is your life essence.
You have superior vitality. (+4 MHP)


   Skills:
 - Level 3.0 Fighting
 + Level 4.6 Ranged Weapons
 - Level 1.1 Armour
 - Level 3.0 Dodging
 - Level 0.7 Stealth


You knew the following spells:

 Your Spells              Type           Power      Damage    Failure   Level
a - Sting                 Conj/Alch      0%         1d3       65%         1
b - Mercury Vapours       Alch/Air       0%         N/A       80%         2
Your spell library was empty.

Inventory:

Hand Weapons
 a - a +0 shortbow (weapon)
Armour
 f - a +0 ring mail (worn)
Jewellery
 i - a +6 ring of dexterity (left hand)
 l - an amulet of the acrobat (around neck)
Scrolls
 g - a scroll of teleportation
Potions
 d - a potion of mutation {unknown}
 h - 4 potions of curing
 k - a potion of lignification {unknown}
 m - a potion of heal wounds {unknown}

Dungeon Overview and Level Annotations

Branches:
Dungeon (4/15)
 Temple: D:4-7

Altars:
Qazlal
Trog
The Shining One

Shops:
D:2 *


Message History

You see here a bombardier beetle corpse.
A black bear comes into view.
You shoot an arrow. The arrow hits the black bear.
The black bear growls angrily.
The black bear is lightly wounded.
You hear a shout!
You shoot an arrow. The arrow hits the black bear.
The black bear is lightly wounded.
You shoot an arrow. The arrow barely misses the black bear.
You shoot an arrow.
The arrow hits the black bear but does no damage.
The black bear is lightly wounded.
A kobold comes into view. It is wielding a +0 club.
The black bear barely misses you.
The black bear claws you but does no damage. x2
The black bear closely misses you. The black bear claws you.
The black bear misses you.
You shoot an arrow. The arrow hits the black bear!
The black bear is moderately wounded.
The black bear bites you.
The black bear claws you but does no damage. x2
You shoot an arrow. The arrow hits the black bear!
The black bear is severely wounded.
The black bear closely misses you. x2; The black bear barely misses you.
You shoot an arrow. The arrow hits the black bear.
The black bear is almost dead.
The black bear goes berserk!
The black bear barely misses you. The black bear closely misses you.
The black bear claws you but does no damage.
You shoot an arrow.
The arrow completely misses the black bear.
The black bear bites you. The black bear barely misses you. x2
The kobold hits you with a +0 club. The black bear bites you!
The black bear claws you. The black bear barely misses you.
You shoot an arrow. The arrow hits the black bear.
The black bear is almost dead.
The black bear bites you. The black bear claws you.
The black bear barely misses you. The kobold closely misses you.
The black bear bites you!
You die...

.........##.
#....._....#
#.....8_...#
#....._....+
#..........#
#..........#
#.....hK...#+##
#####@.......
+.>.#%.......
#>..'........
##'##........
######...###....##
#..........#....#
+..........#....+
#..........#....#
###'##...### ...#


You could see a black bear (berserk) and a kobold.

Vanquished Creatures
  A bombardier beetle (D:4)
  7 adders
  A dart slug (D:1)
  3 ribbon worms
  An orc (D:3)
  11 endoplasms
  4 giant cockroaches
  4 goblins
  6 hobgoblins
  2 jackals (D:3)
  5 kobolds
  2 quokkas
  8 ball pythons
  6 bats
  2 frilled lizards
  6 rats
69 creatures vanquished.

Notes
Turn   | Place    | Note
-------+----------+-------------------------------------------
     0 | D:1      | qw the Djinni Hunter began the quest for the Orb.
     0 | D:1      | Reached XP level 1. HP: 18/18 MP: 0/0
     0 | D:1      | 0 ||| qw: Version: 0.3-a-134-g2ba4250
     0 | D:1      | 0 ||| qw: Game counter: 665
     0 | D:1      | 0 ||| qw: Melee chars always use a shield: true
     0 | D:1      | 0 ||| qw: God list: Okawaru
     0 | D:1      | 0 ||| qw: Allow faded altars: false
     0 | D:1      | 0 ||| qw: Do Orc after clearing Dungeon:15 true
     0 | D:1      | 0 ||| qw: Do second Lair branch before Depths: true
     0 | D:1      | 0 ||| qw: Lair rune preference: random
     0 | D:1      | 0 ||| qw: Goals: Normal
     0 | D:1      | 0 ||| PLANNING D:1-11
    95 | D:1      | Reached XP level 2. HP: 23/23 MP: 0/0
   400 | D:1      | Reached skill level 4 in Ranged Weapons
   400 | D:1      | Reached XP level 3. HP: 28/28 MP: 0/0
   400 | D:1      | Learned a level 1 spell: Sting
   460 | D:1      | 460 ||| UPGRADING to +0 ring mail.
   470 | D:1      | 470 ||| DROPPING +0 leather armour.
   471 | D:1      | 471 ||| READING scroll labelled REPNETZ TUORA.
   471 | D:1      | 471 ||| ENCHANTING +0 shortbow.
   472 | D:1      | 472 ||| READING scroll labelled YCWUMN ETUSEST.
   473 | D:1      | 473 ||| READING scroll labelled TEALUE OXKE MID.
   474 | D:1      | 474 ||| READING 2 scrolls labelled JOUTWU RYNACK.
   474 | D:1      | 474 ||| IDENTIFYING fuming green potion
   475 | D:1      | 475 ||| READING scroll of identify.
   475 | D:1      | 475 ||| IDENTIFYING cyan potion
   476 | D:1      | 476 ||| READING scroll labelled UFYIFF OVEUCWU.
   481 | D:1      | 481 ||| DROPPING scroll of butterflies.
   482 | D:1      | 482 ||| DROPPING potion of invisibility.
   483 | D:1      | 483 ||| DROPPING potion of berserk rage.
   513 | D:2      | Reached skill level 1 in Armour
   588 | D:2      | Found Xerchic's Assorted Antiques.
   601 | D:2      | 601 ||| BUYING fuming sapphire potion (23 gold).
   601 | D:2      | Bought a fuming sapphire potion for 23 gold pieces
   601 | D:2      | 601 ||| SHOPLISTING jewelled brass wand (104 gold, have
                  | 28).
   601 | D:2      | 601 ||| BUYING scroll labelled AJITWI NUYDGHU (26 gold).
   601 | D:2      | Bought a scroll labelled AJITWI NUYDGHU for 26 gold pieces
   601 | D:2      | 601 ||| SHOPLISTING scroll labelled FOETAM IFAI (26 gold,
                  | have 2).
   601 | D:2      | 601 ||| SHOPLISTING scroll labelled YGUWKARAZA (26 gold,
                  | have 2).
   601 | D:2      | 601 ||| SHOPLISTING scroll of enchant armour (195 gold,
                  | have 2).
   601 | D:2      | 601 ||| SHOPLISTING sedimented pink potion (23 gold, have
                  | 2).
   748 | D:2      | Found a bloodstained altar of Trog.
   756 | D:2      | Reached XP level 4. HP: 34/34 MP: 0/0
   968 | D:2      | Found a faded altar of an unknown god.
  1053 | D:2      | 1053 ||| UPGRADING to +6 ring of dexterity.
  1054 | D:2      | 1054 ||| READING scroll labelled AJITWI NUYDGHU.
  1110 | D:3      | Reached skill level 3 in Fighting
  1449 | D:3      | Reached skill level 3 in Dodging
  1474 | D:3      | Reached XP level 5. HP: 18/40 MP: 0/0
  1474 | D:3      | Learned a level 2 spell: Mercury Vapours
  1485 | D:3      | 1485 ||| FLEEEEING.
  1486 | D:3      | 1486 ||| FLEEEEING.
  1922 | D:3      | 1922 ||| UPGRADING to amulet of the acrobat.
  1927 | D:3      | 1927 ||| READING 2 scrolls of identify.
  1927 | D:3      | 1927 ||| IDENTIFYING fizzy amethyst potion
  1928 | D:3      | 1928 ||| READING scroll of identify.
  1928 | D:3      | 1928 ||| IDENTIFYING white potion
  1929 | D:3      | 1929 ||| READING scroll labelled ZIOXTY BOAVU.
  1930 | D:3      | 1930 ||| DRINKING 4 dark potions.
  1931 | D:3      | 1931 ||| DROPPING potion of brilliance.
  1932 | D:3      | 1932 ||| DROPPING potion of degeneration.
  1997 | D:4      | Found a glowing golden altar of the Shining One.
  1997 | D:4      | Found a stormy altar of Qazlal.
  1998 | D:4      | Noticed a black bear
  2007 | D:4      | HP: 6/40 [black bear (5)]
  2007 | D:4      | HP: 2/40 [black bear (4)]
  2007 | D:4      | Mangled by a black bear

Levels and vault maps discovered:
D:1:      saegor_arrival_simple_a, layout_loops_ring
D:2:      layout_basic, serial_shops, shop, basic_altar,
          chequers_ecumenical_altar_simple_redux
D:3:      layout_basic, minmay_quantized
D:4:      layout_gridville, nicolae_wu_jian_glorious_leap,
          chequers_temple_overflow_statue_of_worship

Skill      XL: |  1  2  3  4 |
---------------+-------------+-----
Ranged Weapons | 4 |  4.6
Armour         | 1 |  1.1
Fighting       | 3 |  3.0
Dodging        | 3 |  3.0
Stealth        | |  0.7

Action                     |  1- 3 |  4- 6 || total
---------------------------+-------+-------++-------
   Fire: Shortbow          |    85 |   154 ||   239
    Use: Scroll            |     6 |     4 ||    10
         Potion            |       |     1 ||     1
 Armour: Leather armour    |     8 |       ||     8
         Ring mail         |     7 |    70 ||    77
  Dodge: Dodged            |    17 |    66 ||    83

Table legend:
 A = Non-vault XP
 B = Vault XP
 C = Vault XP percentage of total XP
 D = Non-vault monster count
 E = Vault monster count
 F = Vault count percentage of total count
                 A         B        C        D         E       F
            +---------+---------+-------+---------+---------+-------
      Total |     240 |       7 |   2.8 |      65 |       4 |   5.8
            +---------+---------+-------+---------+---------+-------
        D:1 |      30 |       0 |   0.0 |      18 |       0 |   0.0
        D:2 |      60 |       0 |   0.0 |      21 |       0 |   0.0
        D:3 |      94 |       7 |   6.9 |      24 |       4 |  14.3
        D:4 |      56 |       0 |   0.0 |       2 |       0 |   0.0
            +---------+---------+-------+---------+---------+-------
